 Dungeon Crawl Stone Soup version 0.31-a0-167-g1c394c0614 (webtiles) character file.

Game seed: 3000496632935450086

236 qw the Shooter (level 6, -10/61 HPs)
             Began as a Naga Hunter on June 14, 2023.
             Mangled by Pikel
             ... wielding a +0 whip of electrocution
              (11 damage)
             ... on level 4 of the Dungeon.
             The game lasted 00:00:54 (2321 turns).

qw the Shooter (Naga Hunter)                        Turns: 2321, Time: 00:00:55

Health: -10/61     AC:  7    Str: 16    XL:     6   Next: 6%
Magic:  6/6        EV: 10    Int:  9    God:
Gold:   84         SH:  0    Dex: 17    Spells: 5/5 levels left

rFire   . . .        Y - +0 shortbow
rCold   . . .        (shield currently unavailable)
rNeg    . . .        i - +2 ring mail of Fetipn {rPois Str+3}
rPois   +            (no helmet)
rElec   .            d - +0 cloak {rPois}
rCorr   .            (no gloves)
SInv    +            (no barding)
Will    .....        (no amulet)
Stlth   +            c - +1 ring of evasion
HPRegen 0.30/turn    (no ring)
MPRegen 0.10/turn

%: no passive effects
@: short of breath, very slow
A: AC +2, large, see invisible, deformed body, poison resistance, slowness 2,
spit poison 1, naga tail 1, robust 1
a: Spit Poison


You were on level 4 of the Dungeon.
You visited 1 branch of the dungeon, and saw 4 of its levels.

You collected 143 gold pieces.
You spent 59 gold pieces at shops.


Innate Abilities, Weirdness & Mutations

Your serpentine skin is tough. (AC +2)
You have supernaturally acute eyesight. (SInv)
Armour fits poorly on your strangely shaped body.
Your system is resistant to poisons. (rPois)
You cover ground very slowly.
You can spit poison.
You have a snake-like lower body.
You are robust. (+10% HP)


   Skills:
 - Level 3.1 Fighting
 - Level 6.0 Ranged Weapons
 + Level 0.4 Armour
 - Level 1.5 Dodging
 - Level 1.5 Stealth


You had 5 spell levels left.
You didn't know any spells.
Your spell library was empty.

Inventory:

Hand Weapons
 Y - a +0 shortbow (weapon)
Armour
 d - a +0 cloak of poison resistance (worn)
 i - the +2 ring mail of Fetipn (worn) {rPois Str+3}
   (You found it on level 2 of the Dungeon)

   Str:       It affects your strength (+3).
   rPois:     It protects you from poison.
Jewellery
 c - a +1 ring of evasion (left hand)
Potions
 a - 2 potions of curing
 b - a potion of cancellation {unknown}
 e - a potion of lignification {unknown}
 f - a potion of degeneration {unknown}
 h - 2 potions of mutation

Dungeon Overview and Level Annotations

Branches:
Dungeon (4/15)
 Temple: D:4-7

Altars:
Ru

Shops:
D:1 !   D:3 =   D:4 ?

Annotations:
D:4 1 transporter, Pikel


Message History

2315 ||| INVOKING Spit Poison.
Aiming: Spit Poison (1% risk of failure)
Press: ? - help, Shift-Dir - straight line, f/p - lemure The splash of poison hits the lemure.
The lemure is poisoned.
The lemure is almost dead.
Pikel hits you with a +0 whip of electrocution.
The lemure barely misses you.
You shoot an arrow. The arrow completely misses the lemure.
The arrow hits the lemure.
The lemure is moderately wounded.
Pikel hits you with a +0 whip of electrocution.
The lemure hits you but does no damage.
You shoot an arrow. The arrow closely misses the lemure.
The arrow barely misses the lemure.
You have got your breath back.
Pikel barely misses you. The lemure completely misses you.
Pikel hits you with a +0 whip of electrocution!
The lemure hits you.
2318 ||| INVOKING Spit Poison.
Aiming: Spit Poison (1% risk of failure)
Press: ? - help, Shift-Dir - straight line, f/p - lemure The splash of poison hits the lemure but does no damage.
The lemure looks even sicker.
The lemure is almost dead.
You kill the lemure!
That felt strangely unrewarding.
Pikel hits you but does no damage.
You are electrocuted!
You shoot an arrow.
The arrow hits Pikel but does no damage.
Pikel is lightly wounded.
The endoplasm hits you but does no damage.
A lemure comes into view.
Pikel misses you.
You shoot an arrow. The arrow hits Pikel.
Pikel is lightly wounded.
The endoplasm misses you.
Pikel hits you with a +0 whip of electrocution.
You shoot an arrow. The arrow misses Pikel.
Pikel hits you with a +0 whip of electrocution!
You die...

###.##### #........ +#
#..#..... .# ....#.#...
####### .# ..####.....
#.....# ###.# ..# #..<..
#.....# ...#..# #...#.
###.....######K5..# #.....
.............@J5# ####..##.
.##.....#######.#
###..#..... #.....#######.#
#........#. #.....'....##.#
#...####### #.....####....#
#..........
#####.###.....####...#######
#.#.......'......'....#
#.#.#.....####...####.#
#.#.#.....# #...# #.#


You could see Pikel, 2 lemures and an endoplasm.

Vanquished Creatures
  A black bear (D:4)
  A lemure (D:4)
  6 gnolls (D:4)
  2 adders
  2 worms (D:2)
  2 dart slugs
  10 endoplasms
  2 giant cockroaches
  A goblin (D:4)
  5 hobgoblins
  6 jackals
  3 kobolds
  3 quokkas
  4 ball pythons
  7 bats
  5 frilled lizards
  6 rats
66 creatures vanquished.

Notes
Turn   | Place    | Note
-------+----------+-------------------------------------------
     0 | D:1      | qw the Naga Hunter began the quest for the Orb.
     0 | D:1      | Reached XP level 1. HP: 19/19 MP: 1/1
     0 | D:1      | 0 ||| qw: Version: 0.2-a-29-g1fa15c8
     0 | D:1      | 0 ||| qw: Game counter: 5078
     0 | D:1      | 0 ||| qw: Always use a shield: true
     0 | D:1      | 0 ||| qw: God list: Okawaru
     0 | D:1      | 0 ||| qw: Allow faded altars: false
     0 | D:1      | 0 ||| qw: Do Orc after D:15 true
     0 | D:1      | 0 ||| qw: Do second Lair branch before Depths: true
     0 | D:1      | 0 ||| qw: Lair rune preference: random
     0 | D:1      | 0 ||| qw: Plans: Normal
     0 | D:1      | 0 ||| PLANNING D:1-11
    30 | D:1      | 30 ||| INVOKING Spit Poison.
    39 | D:1      | 39 ||| INVOKING Spit Poison.
    48 | D:1      | 48 ||| FLEEEEING.
    49 | D:1      | 49 ||| FLEEEEING.
    54 | D:1      | 54 ||| INVOKING Spit Poison.
    57 | D:1      | Reached skill level 4 in Ranged Weapons
    57 | D:1      | Reached XP level 2. HP: 26/26 MP: 2/2
   198 | D:1      | 198 ||| INVOKING Spit Poison.
   306 | D:1      | 306 ||| INVOKING Spit Poison.
   411 | D:1      | 411 ||| INVOKING Spit Poison.
   464 | D:1      | 464 ||| INVOKING Spit Poison.
   487 | D:1      | Found Xalailisk's Distillery.
   495 | D:1      | 495 ||| BUYING potion of curing (39 gold).
   495 | D:1      | Bought a potion of curing for 39 gold pieces
   495 | D:1      | 495 ||| SHOPLISTING potion of curing (39 gold, have 22).
   495 | D:1      | 495 ||| SHOPLISTING potion of heal wounds (65 gold, have
                  | 22).
   495 | D:1      | 495 ||| SHOPLISTING potion of resistance (130 gold, have
                  | 22).
   531 | D:1      | 531 ||| INVOKING Spit Poison.
   536 | D:1      | 536 ||| INVOKING Spit Poison.
   566 | D:1      | 566 ||| INVOKING Spit Poison.
   642 | D:1      | Reached XP level 3. HP: 32/32 MP: 3/3
   707 | D:1      | 707 ||| INVOKING Spit Poison.
   721 | D:1      | 721 ||| DROPPING ring of magical power.
   722 | D:1      | 722 ||| DRINKING 2 sedimented amethyst potions.
   722 | D:1      | Gained mutation: You have a pair of small horns on your
                  | head. [potion of mutation]
   722 | D:1      | Lost mutation: You have a pair of small horns on your head.
                  | [potion of mutation]
   722 | D:1      | Gained mutation: You are robust. (+10% HP) [potion of
                  | mutation]
   731 | D:1      | 731 ||| DRINKING 2 orange potions.
   732 | D:1      | 732 ||| DRINKING potion of curing.
   732 | D:1      | 732 ||| (to cure confusion)
   733 | D:1      | 733 ||| DROPPING scroll of butterflies.
   734 | D:1      | 734 ||| DROPPING potion of ambrosia.
   769 | D:2      | 769 ||| INVOKING Spit Poison.
   773 | D:2      | 773 ||| INVOKING Spit Poison.
   832 | D:2      | 832 ||| INVOKING Spit Poison.
   897 | D:2      | 897 ||| INVOKING Spit Poison.
   958 | D:2      | 958 ||| INVOKING Spit Poison.
   976 | D:2      | 976 ||| INVOKING Spit Poison.
   977 | D:2      | 977 ||| INVOKING Spit Poison.
   993 | D:2      | 993 ||| INVOKING Spit Poison.
  1041 | D:2      | 1041 ||| INVOKING Spit Poison.
  1165 | D:2      | 1165 ||| INVOKING Spit Poison.
  1183 | D:2      | 1183 ||| INVOKING Spit Poison.
  1186 | D:2      | 1186 ||| INVOKING Spit Poison.
  1190 | D:2      | 1190 ||| INVOKING Spit Poison.
  1195 | D:2      | Reached skill level 5 in Ranged Weapons
  1195 | D:2      | Reached XP level 4. HP: 37/42 MP: 4/4
  1289 | D:2      | Found a sacrificial altar of Ru.
  1299 | D:2      | Identified the +2 ring mail of Fetipn {rPois Str+3}
  1422 | D:2      | 1422 ||| UPGRADING to +2 ring mail of Fetipn {rPois Str+3}.
  1432 | D:2      | 1432 ||| DROPPING +0 leather armour.
  1433 | D:2      | 1433 ||| READING scroll labelled ZATIPIWNEL.
  1436 | D:2      | 1436 ||| READING scroll labelled LAMUAW WASE.
  1437 | D:2      | 1437 ||| DRINKING 2 bubbling emerald potions.
  1438 | D:2      | 1438 ||| DROPPING potion of invisibility.
  1448 | D:3      | 1448 ||| INVOKING Spit Poison.
  1453 | D:3      | 1453 ||| INVOKING Spit Poison.
  1475 | D:3      | 1475 ||| INVOKING Spit Poison.
  1569 | D:3      | 1569 ||| INVOKING Spit Poison.
  1578 | D:3      | 1578 ||| INVOKING Spit Poison.
  1581 | D:3      | 1581 ||| INVOKING Spit Poison.
  1584 | D:3      | 1584 ||| INVOKING Spit Poison.
  1590 | D:3      | 1590 ||| INVOKING Spit Poison.
  1593 | D:3      | 1593 ||| INVOKING Spit Poison.
  1714 | D:3      | Found Geiruluf's One-of-a-Kind Rings.
  1720 | D:3      | 1720 ||| BUYING +1 ring of evasion (20 gold).
  1720 | D:3      | Bought a +1 ring of evasion for 20 gold pieces
  1720 | D:3      | 1720 ||| SHOPLISTING ring "Poaryn" {rN+ Str+6 Int-4 Dex+5
                  | Stlth-} (479 gold, have 38).
  1720 | D:3      | 1720 ||| SHOPLISTING ring of Meoj {rElec rC+ Str+6} (570
                  | gold, have 38).
  1850 | D:3      | 1850 ||| INVOKING Spit Poison.
  1975 | D:3      | 1975 ||| INVOKING Spit Poison.
  2033 | D:3      | 2033 ||| UPGRADING to +0 cloak of poison resistance.
  2038 | D:3      | 2038 ||| UPGRADING to +1 ring of evasion.
  2039 | D:3      | 2039 ||| READING scroll labelled IKAOLU ISOXUY.
  2061 | D:4      | 2061 ||| INVOKING Spit Poison.
  2065 | D:4      | 2065 ||| INVOKING Spit Poison.
  2069 | D:4      | 2069 ||| INVOKING Spit Poison.
  2070 | D:4      | Noticed a black bear
  2071 | D:4      | Reached skill level 3 in Fighting
  2074 | D:4      | 2074 ||| INVOKING Spit Poison.
  2077 | D:4      | 2077 ||| INVOKING Spit Poison.
  2079 | D:4      | Killed a black bear
  2080 | D:4      | Reached XP level 5. HP: 24/53 MP: 5/5
  2080 | D:4      | 2080 ||| INVOKING Spit Poison.
  2086 | D:4      | 2086 ||| INVOKING Spit Poison.
  2139 | D:4      | 2139 ||| FLEEEEING.
  2144 | D:4      | 2144 ||| STAIRDANCE
  2231 | D:4      | 2231 ||| INVOKING Spit Poison.
  2239 | D:4      | 2239 ||| INVOKING Spit Poison.
  2242 | D:4      | Reached skill level 6 in Ranged Weapons
  2242 | D:4      | Reached XP level 6. HP: 61/61 MP: 6/6
  2243 | D:4      | 2243 ||| INVOKING Spit Poison.
  2260 | D:4      | Found a transporter.
  2263 | D:4      | Found Qingumum's Magic Scroll Boutique.
  2305 | D:4      | 2305 ||| INVOKING Spit Poison.
  2308 | D:4      | Noticed Pikel
  2311 | D:4      | 2311 ||| INVOKING Spit Poison.
  2313 | D:4      | 2313 ||| Stepping ~*~*~tactically~*~*~ (outnumbered).
  2315 | D:4      | 2315 ||| INVOKING Spit Poison.
  2317 | D:4      | HP: 15/61 [lemure[Pikel] (1)]
  2318 | D:4      | 2318 ||| INVOKING Spit Poison.
  2318 | D:4      | HP: 4/61 [Pikel/+0 whip of electrocution (11)]
  2320 | D:4      | HP: 1/61 [Pikel/+0 whip of electrocution (4)]
  2321 | D:4      | Mangled by Pikel

Levels and vault maps discovered:
D:1:      dpeg_arrival_fog, layout_loops_ring, serial_shops,
          nicolae_shop_peninsula
D:2:      layout_loops_ring, basic_altar, serial_bayou_pond_b
D:3:      layout_loops_cross, nicolae_shop_unique_rings
D:4:      layout_basic, serial_shops, nicolae_shop_drivethru,
          chequers_mini_garden, minmay_shop_damaged, minmay_lizard_king,
          uniq_pikel, uniq_duvessa, uniq_crazy_yiuf_cottage

Skill      XL: |  1  2  3  4  5 |
---------------+----------------+-----
Ranged Weapons | 4 5 6 |  6.0
Fighting       | 3 |  3.1
Armour         | |  0.4
Dodging        | |  1.5
Stealth        | |  1.5

Action                     |  1- 3 |  4- 6 || total
---------------------------+-------+-------++-------
   Fire: Shortbow          |    57 |    71 ||   128
Ability: Spit Poison       |    23 |    25 ||    48
    Use: Potion            |     3 |     1 ||     4
         Scroll            |       |     3 ||     3
 Armour: Leather armour    |     6 |       ||     6
         Ring mail         |       |    23 ||    23
  Dodge: Dodged            |    11 |    35 ||    46

Table legend:
 A = Non-vault XP
 B = Vault XP
 C = Vault XP percentage of total XP
 D = Non-vault monster count
 E = Vault monster count
 F = Vault count percentage of total count
                 A         B        C        D         E       F
            +---------+---------+-------+---------+---------+-------
      Total |     333 |       5 |   1.5 |      62 |       3 |   4.6
            +---------+---------+-------+---------+---------+-------
        D:1 |      37 |       0 |   0.0 |      22 |       0 |   0.0
        D:2 |      40 |       5 |  11.1 |      14 |       3 |  17.6
        D:3 |      38 |       0 |   0.0 |      14 |       0 |   0.0
        D:4 |     218 |       0 |   0.0 |      12 |       0 |   0.0
            +---------+---------+-------+---------+---------+-------
